[Event "Slovakian-ch Youth 2022"]
[Site "Lubovna"]
[Date "2022.05.25"]
[Round "6.23"]
[White "Sustek, Adam"]
[Black "Klimek Martin"]
[Result "1-0"]
[ECO "B01"]
[WhiteElo "1636"]
[BlackElo "1418"]
[Annotator "NA COMBH"]
[PlyCount "77"]
[EventDate "2022.05.22"]
[EventCountry "SVK"]
[SourceTitle "playchess.com"]
[Source "ChessBase"]
[SourceQuality "1"]
[TimeControl "40/5400+30:1800+30"]

1. e4 d5 2. exd5 Nf6 3. Bb5+ Bd7 4. Bc4 c6 5. dxc6 Nxc6 6. Nf3 Bg4 7. h3 Bh5 8. O-O e5 9. Re1 Bd6 10. Bb5 O-O 11. Bxc6 bxc6 12. Nc3 Re8 13. d3 e4 14. dxe4 Nxe4 15. Nxe4 Rxe4 16. Be3 Qc7 17. g4 Bg6 18. Nh4 Rae8 19. Nxg6 hxg6 20. Qd3 Qe7 21. Bd2 Qe5 22. f4 Bc5+ 23. Kh1 Qd4 24. Qxd4 Rxe1+ 25. Rxe1 Rxe1+ 26. Bxe1 Bxd4 27. b3 Be3 28. Bg3 Kf8 29. Kg2 Ke7 30. Kf3 Bd2 31. Bf2 a5 32. Be3 Bb4 33. Ke4 f6 34. Bd4 Kd7 35. c3 Bf8 36. Bb6 Kd6 37. Bxa5 c5 38. b4 cxb4 39. Bxb4+ 1-0

[Event "Slovakian-ch Youth 2022"]
[Site "Lubovna"]
[Date "2022.05.25"]
[Round "6.24"]
[White "Havalda, Samuel"]
[Black "Papp, Gabor"]
[Result "1/2-1/2"]
[ECO "C14"]
[WhiteElo "1465"]
[BlackElo "2564"]
[Annotator "TA"]
[PlyCount "115"]
[EventDate "2022.05.22"]
[EventCountry "SVK"]
[SourceTitle "playchess.com"]
[Source "ChessBase"]
[SourceQuality "1"]
[TimeControl "40/5400+30:1800+30"]

1. e4 e6 2. d4 d5 3. Nc3 Nf6 4. Bg5 Be7 5. e5 Nfd7 6. Bxe7 Qxe7 7. f4 a6 $1 {[%emt 0:01:42] 7...a6 scores better than 7...0-0.} 8. Nf3 Nc6 {[%emt 0:08:53] C14: French: Classical System: 4 Bg5 Be7 main line.} 9. Qd2 b5 10. a3 {[%emt 0:19:58] [#]} Nb6 $146 {[%emt 0:03:29] White is slightly better.} ({Predecessor:} 10... Bb7 11. Bd3 f6 12. O-O b4 13. axb4 Nxb4 14. exf6 Qxf6 15. f5 e5 16. dxe5 Nxe5 17. Nxe5 {1-0 (23) Adams,M-Gordon,S CServe email 1994}) 11. Be2 Bd7 12. O-O Na5 13. b3 c5 14. Kh1 c4 15. b4 Nc6 16. Rfb1 O-O 17. Nd1 Rfb8 18. Nf2 f6 19. Ng4 fxe5 (19... f5 $11 20. Ne3 a5) 20. Ngxe5 Nxe5 21. Nxe5 Rf8 22. Rf1 Nc8 23. c3 Nd6 24. Bf3 Rf6 25. Rae1 Nf7 $2 {[%emt 0:03:59] [#]} (25... Rff8 $14) 26. g3 $2 (26. Ng4 $1 $18) 26... Nxe5 $14 27. Rxe5 {[%emt 0:10:27] Strongly threatening Bxd5.} ({Reject} 27. fxe5 Rf7 $11) 27... Qd6 28. Rfe1 Rf5 {[%emt 0:00:30] [#]} ({Black should try} 28... a5 $14) 29. Bg4 (29. Rxf5 $1 $16 exf5 30. Re5) 29... Rxe5 30. Rxe5 a5 31. Qe2 Kf7 32. f5 {[%emt 0:00:30] White is more active.} exf5 33. Bxf5 Bxf5 34. Rxf5+ {[%emt 0:00:30][%mdl 4096] Endgame KQR-KQR} Kg8 35. Qe5 Qxe5 (35... Rd8 {feels hotter.} 36. bxa5 h6 37. Kg2 Qxa3 38. Qc7 Qd6) 36. Rxe5 axb4 37. axb4 $11 {[%emt 0:00:30] KR-KR} Ra3 38. Re3 Ra2 39. h3 Kf7 40. Kg1 Rc2 41. Kf1 h6 42. h4 Kf6 43. h5 (43. Rf3+ $11 {remains equal.} Ke6 44. Kg1) 43... Kf7 ({Black should play} 43... Kg5 $17 44. Re5+ Kg4) 44. Ke1 {[%emt 0:00:00] The position is equal.} Rg2 45. Re5 Rxg3 {[%emt 0:00:00] aiming for ...Rg5.} 46. Rxd5 Rxc3 47. Rxb5 Rd3 48. d5 c3 49. Rc5 c2 50. Rxc2 Rxd5 51. Rc5 Rxc5 52. bxc5 {[%emt 0:00:00] Intending Kd2 and mate. KPP-KPP} Ke6 53. Kd2 {[%emt 0:00:00] White threatens Kc3 and mate.} Kd5 54. Kd3 Kxc5 55. Ke4 Kd6 {[%emt 0:00:00] ( -> ...Ke6)} (55... Kc4 $5) 56. Kf5 Ke7 57. Ke5 Kf8 (57... Kf7 $5) 58. Kf4 $1 {[%emt 0:00:00] Weighted Error Value: White=0.23 (precise) /Black=0.20 (precise)} 1/2-1/2

[Event "Slovakian-ch Youth 2022"]
[Site "Lubovna"]
[Date "2022.05.25"]
[Round "6.25"]
[White "Volanek, Maros"]
[Black "Vojtas Marek"]
[Result "0-1"]
[ECO "A25"]
[WhiteElo "1458"]
[BlackElo "1000"]
[Annotator "NA COMBH"]
[PlyCount "30"]
[EventDate "2022.05.22"]
[EventCountry "SVK"]
[SourceTitle "playchess.com"]
[Source "ChessBase"]
[SourceQuality "1"]
[TimeControl "40/5400+30:1800+30"]

1. c4 e5 2. Nc3 Nf6 3. g3 Bc5 4. Bg2 Nc6 5. d3 h6 6. Nf3 d5 7. cxd5 Nxd5 8. Nxe5 Nxc3 9. Bxc6+ bxc6 10. bxc3 Qf6 11. d4 O-O 12. Nf3 Bd6 13. h3 Re8 14. c4 Qxf3 15. O-O Rxe2 0-1

[Event "Slovakian-ch Youth 2022"]
[Site "Lubovna"]
[Date "2022.05.25"]
[Round "6.26"]
[White "Filo, David"]
[Black "Ondrejcak Gregor"]
[Result "1-0"]
[ECO "D38"]
[WhiteElo "1653"]
[BlackElo "1000"]
[Annotator "NA COMBH"]
[PlyCount "73"]
[EventDate "2022.05.22"]
[EventCountry "SVK"]
[SourceTitle "playchess.com"]
[Source "ChessBase"]
[SourceQuality "1"]
[TimeControl "40/5400+30:1800+30"]

1. d4 d5 2. c4 e6 3. Nc3 Bb4 4. Nf3 Nf6 5. Bg5 O-O 6. e3 Nbd7 7. a3 Bxc3+ 8. bxc3 h6 9. Bxf6 Qxf6 10. cxd5 exd5 11. Bd3 Re8 12. O-O a6 13. Qc2 g6 14. Rab1 c6 15. Rb2 b5 16. Nd2 Nb6 17. e4 Be6 18. e5 Qe7 19. f4 Nd7 20. f5 Bxf5 21. Bxf5 gxf5 22. Qxf5 Nf8 23. Rf4 Ng6 24. Rg4 Ra7 25. h4 Kf8 26. Rxg6 Qxh4 27. Rg4 Qe1+ 28. Kh2 Re6 29. Rf4 Rae7 30. Qh7 Ke8 31. Qg8+ Kd7 32. Qa8 Qe3 33. Qb7+ Kd8 34. Qb8+ Kd7 35. Rf3 Qg5 36. g3 h5 37. Nb3 1-0

[Event "Slovakian-ch Youth 2022"]
[Site "Lubovna"]
[Date "2022.05.25"]
[Round "6.27"]
[White "Durovka, Marek"]
[Black "Hudak, Michal"]
[Result "1-0"]
[ECO "A80"]
[WhiteElo "1827"]
[BlackElo "1169"]
[Annotator "NA COMBH"]
[PlyCount "29"]
[EventDate "2022.05.22"]
[EventCountry "SVK"]
[SourceTitle "playchess.com"]
[Source "ChessBase"]
[SourceQuality "1"]
[TimeControl "40/5400+30:1800+30"]

1. d4 f5 2. Nf3 Nf6 3. e3 e6 4. Bd3 Nc6 5. c4 Be7 6. Nc3 Bb4 7. O-O Bxc3 8. bxc3 d6 9. Ba3 O-O 10. Rb1 b6 11. Qe2 Ba6 12. d5 exd5 13. cxd5 Nxd5 14. Bxa6 Nxc3 15. Qc4+ 1-0

[Event "Slovakian-ch Youth 2022"]
[Site "Lubovna"]
[Date "2022.05.25"]
[Round "6.28"]
[White "Janoska Peter"]
[Black "Meszaros, Casey Ryan"]
[Result "0-1"]
[ECO "C45"]
[WhiteElo "1272"]
[BlackElo "1757"]
[Annotator "NA COMBH"]
[PlyCount "110"]
[EventDate "2022.05.22"]
[EventCountry "SVK"]
[SourceTitle "playchess.com"]
[Source "ChessBase"]
[SourceQuality "1"]
[TimeControl "40/5400+30:1800+30"]

1. e4 e5 2. Nf3 Nc6 3. d4 exd4 4. Nxd4 Bc5 5. Nb3 Bb6 6. Qe2 d6 7. Be3 Nf6 8. f3 Be6 9. Nc3 Qe7 10. O-O-O O-O-O 11. Qf2 Bxe3+ 12. Qxe3 Bxb3 13. axb3 d5 14. Nb5 Kb8 15. Bd3 a6 16. Na3 dxe4 17. Bxe4 Nxe4 18. Qxe4 Qxe4 19. fxe4 Rxd1+ 20. Rxd1 Re8 21. Rd7 Ne5 22. Rd1 Kc8 23. Re1 Ng4 24. h3 Nf6 25. e5 Nd7 26. Nc4 f6 27. e6 Nf8 28. e7 Ng6 29. Kd2 Kd7 30. Na5 b6 31. Nc4 Rxe7 32. Rf1 Ne5 33. Rf4 Nxc4+ 34. bxc4 c5 35. Rf3 Re6 36. Rg3 g5 37. Ra3 a5 38. Rf3 Ke7 39. Rf5 Kf7 40. h4 Kg6 41. Rf3 h6 42. hxg5 hxg5 43. Re3 Rxe3 44. Kxe3 Kf5 45. Kf3 Ke5 46. Ke3 f5 47. g3 f4+ 48. gxf4+ gxf4+ 49. Kf3 Kf5 50. b3 Ke5 51. c3 b5 52. cxb5 c4 53. bxc4 a4 54. c5 Kd5 55. c4+ Kxc5 0-1

[Event "Slovakian-ch Youth 2022"]
[Site "Lubovna"]
[Date "2022.05.25"]
[Round "6.29"]
[White "Ropovik, Samuel"]
[Black "Dvorak, Alfred"]
[Result "1-0"]
[ECO "C42"]
[WhiteElo "1453"]
[BlackElo "1239"]
[Annotator "NA COMBH"]
[PlyCount "75"]
[EventDate "2022.05.22"]
[EventCountry "SVK"]
[SourceTitle "playchess.com"]
[Source "ChessBase"]
[SourceQuality "1"]
[TimeControl "40/5400+30:1800+30"]

1. e4 e5 2. Nf3 Nf6 3. Nc3 Bc5 4. Nxe5 Nc6 5. Nxc6 dxc6 6. Be2 Be6 7. d3 Qd7 8. O-O O-O-O 9. Be3 Bxe3 10. fxe3 Bg4 11. Bxg4 Nxg4 12. Qf3 Rdf8 13. Rae1 g6 14. Qf4 h5 15. h3 Nh6 16. Qf6 Rfg8 17. Qd4 Qxd4 18. exd4 g5 19. d5 c5 20. Na4 b6 21. c4 g4 22. h4 g3 23. Rf3 Rg4 24. Nc3 Rhg8 25. Rf6 R8g6 26. Rxg6 Rxg6 27. e5 Nf5 28. Rf1 Nxh4 29. Rxf7 Rg5 30. e6 Re5 31. Rf8+ Kb7 32. Ne4 Ng6 33. Rf7 a6 34. d6 Rxe6 35. d7 Ne5 36. d8=Q Nxf7 37. Qd5+ Rc6 38. Qxf7 1-0

[Event "Slovakian-ch Youth 2022"]
[Site "Lubovna"]
[Date "2022.05.25"]
[Round "6.30"]
[White "Bilik, Matej"]
[Black "Drabek Matej"]
[Result "1-0"]
[ECO "C50"]
[WhiteElo "1553"]
[BlackElo "1000"]
[Annotator "NA COMBH"]
[PlyCount "57"]
[EventDate "2022.05.22"]
[EventCountry "SVK"]
[SourceTitle "playchess.com"]
[Source "ChessBase"]
[SourceQuality "1"]
[TimeControl "40/5400+30:1800+30"]

1. e4 e5 2. Nf3 Nc6 3. Bc4 Bc5 4. O-O Nf6 5. d3 h6 6. h3 O-O 7. c3 Bb6 8. Re1 d6 9. a4 Qe8 10. b4 a6 11. Nbd2 Ba7 12. Bb2 Be6 13. Qb3 Nh5 14. d4 Nd8 15. dxe5 dxe5 16. Nf1 Qe7 17. Ne3 Nf4 18. Bxe6 Ndxe6 19. Nd5 Qd8 20. Rad1 c6 21. Nxf4 Qb6 22. Nd3 Nf4 23. a5 Qc7 24. Nxf4 exf4 25. c4 b6 26. Be5 Qe7 27. Bd6 Qf6 28. Bxf8 Rxf8 29. e5 1-0

[Event "Slovakian-ch Youth 2022"]
[Site "Lubovna"]
[Date "2022.05.25"]
[Round "6.31"]
[White "Shykhnenko, Hryhorii"]
[Black "Dolnik, Michal"]
[Result "1-0"]
[ECO "B23"]
[WhiteElo "1284"]
[BlackElo "1548"]
[Annotator "NA COMBH"]
[PlyCount "82"]
[EventDate "2022.05.22"]
[EventCountry "SVK"]
[SourceTitle "playchess.com"]
[Source "ChessBase"]
[SourceQuality "1"]
[TimeControl "40/5400+30:1800+30"]

1. e4 c5 2. Nc3 d6 3. f4 Nc6 4. Bc4 g6 5. d3 Bg7 6. Nf3 Bg4 7. Bxf7+ Kf8 8. Bxg8 Rxg8 9. O-O Nd4 10. Bd2 Nxf3+ 11. gxf3 Bh3 12. Re1 Be6 13. Qe2 Bc8 14. e5 d5 15. Nd1 Bf5 16. e6 Qe8 17. Nf2 b6 18. Rab1 Qa4 19. b3 Qc6 20. Ng4 Bxg4 21. fxg4 Ke8 22. Kg2 Rf8 23. Qf3 Rd8 24. c4 Bd4 25. Be3 Bxe3 26. Rxe3 g5 27. f5 Rf6 28. Re5 Rh6 29. Rxd5 Rxd5 30. Qxd5 Qxd5+ 31. cxd5 Kd8 32. d4 cxd4 33. Rd1 Kc7 34. Rxd4 Kd6 35. Rd2 Rh4 36. Kg3 Rh6 37. Rd3 Rf6 38. Kf3 Rf8 39. Ke4 Rc8 40. Rh3 Rh8 41. Rc3 Rc8 1-0

[Event "Slovakian-ch Youth 2022"]
[Site "Lubovna"]
[Date "2022.05.25"]
[Round "6.32"]
[White "Boros, David"]
[Black "Ziman, Damian"]
[Result "1-0"]
[ECO "B25"]
[WhiteElo "1173"]
[BlackElo "1293"]
[Annotator "NA COMBH"]
[PlyCount "79"]
[EventDate "2022.05.22"]
[EventCountry "SVK"]
[SourceTitle "playchess.com"]
[Source "ChessBase"]
[SourceQuality "1"]
[TimeControl "40/5400+30:1800+30"]

1. e4 c5 2. Nc3 d6 3. g3 Nf6 4. Bg2 g6 5. h3 Bg7 6. d3 Nc6 7. Nge2 O-O 8. O-O Be6 9. Be3 a6 10. a4 Qc8 11. Kh2 Rb8 12. Rb1 b5 13. f4 b4 14. Nd5 Bd7 15. b3 Ne8 16. Bg1 a5 17. g4 e6 18. Ne3 Qd8 19. Qe1 g5 20. f5 Be5+ 21. Kh1 Ng7 22. Bh2 Bf6 23. Bxd6 h5 24. Bxf8 Qxf8 25. Nc4 hxg4 26. hxg4 Ne8 27. Qg3 Qg7 28. Rbd1 Rd8 29. Bf3 Ne5 30. Nxe5 Bxe5 31. Qh3 Nf6 32. Kg2 Kf8 33. Rh1 Ke7 34. Qh6 Qg8 35. Ng3 Bc6 36. Nh5 Nxh5 37. Rxh5 Bg7 38. Qxg5+ f6 39. Qf4 e5 40. Qe3 1-0

[Event "Slovakian-ch Youth 2022"]
[Site "Lubovna"]
[Date "2022.05.25"]
[Round "6.33"]
[White "Diachenko Mykhailo"]
[Black "Papay Aurel"]
[Result "1-0"]
[ECO "C50"]
[WhiteElo "1000"]
[BlackElo "1000"]
[Annotator "NA COMBH"]
[PlyCount "109"]
[EventDate "2022.05.22"]
[EventCountry "SVK"]
[SourceTitle "playchess.com"]
[Source "ChessBase"]
[SourceQuality "1"]
[TimeControl "40/5400+30:1800+30"]

1. e4 e5 2. Nf3 Nc6 3. Bc4 Bc5 4. Nxe5 Nxe5 5. d4 Nxc4 6. dxc5 Na5 7. Qg4 Nf6 8. Qe2 O-O 9. O-O Re8 10. Bg5 h6 11. Bxf6 Qxf6 12. Nc3 Nc6 13. Nd5 Qe5 14. Rfe1 Nd4 15. Qd3 Ne6 16. b4 c6 17. Nc3 Rd8 18. Rad1 b6 19. cxb6 axb6 20. a4 Nf4 21. Qe3 Qg5 22. g3 Nh3+ 23. Kf1 Qf6 24. Qxb6 Ba6+ 25. b5 Qxc3 26. bxa6 Rdb8 27. Qe3 Qxe3 28. Rxe3 Rxa6 29. Ra1 Ng5 30. f4 Ne6 31. f5 Nd4 32. Rc3 Rb4 33. a5 Nf3 34. Rxf3 Rxe4 35. Kg2 Re2+ 36. Rf2 Re5 37. f6 gxf6 38. Rxf6 Kg7 39. Rd6 Re2+ 40. Kf3 Rxc2 41. Rxd7 Rc5 42. Rd6 f6 43. h4 Kf7 44. Rd7+ Ke6 45. Rh7 h5 46. g4 Rc3+ 47. Ke4 hxg4 48. h5 f5+ 49. Kf4 g3 50. h6 g2 51. Rg7 Rxa5 52. Rxa5 Rc2 53. h7 Rc1 54. Rxg2 Rh1 55. Ra7 1-0

[Event "Slovakian-ch Youth 2022"]
[Site "Lubovna"]
[Date "2022.05.25"]
[Round "6.34"]
[White "Krajci Hugo"]
[Black "Brnusak, Simon"]
[Result "0-1"]
[ECO "A34"]
[WhiteElo "1178"]
[BlackElo "1090"]
[Annotator "NA COMBH"]
[PlyCount "66"]
[EventDate "2022.05.22"]
[EventCountry "SVK"]
[SourceTitle "playchess.com"]
[Source "ChessBase"]
[SourceQuality "1"]
[TimeControl "40/5400+30:1800+30"]

1. e4 c5 2. c4 e6 3. Nc3 Nc6 4. Be2 Nf6 5. Nf3 Qc7 6. e5 Nxe5 7. Nxe5 Qxe5 8. d3 Qc7 9. Be3 a6 10. Bf3 Be7 11. b3 O-O 12. O-O Rd8 13. Re1 d5 14. Bd2 dxc4 15. dxc4 Rb8 16. Qc1 Bd6 17. g3 b6 18. Qc2 Bb7 19. Bxb7 Qxb7 20. Rad1 Qe7 21. Bc1 Bc7 22. Bb2 Rxd1 23. Rxd1 Rd8 24. Rxd8+ Qxd8 25. Ba1 h6 26. Qb2 Be5 27. Qe2 Bd4 28. Qe1 Ng4 29. Ne4 Bxa1 30. Qxa1 f5 31. Nc3 Qd4 32. Qe1 Ne5 33. Nd1 Nf3+ 0-1

[Event "Slovakian-ch Youth 2022"]
[Site "Lubovna"]
[Date "2022.05.25"]
[Round "6.35"]
[White "Slivka Martin"]
[Black "Gobl, Fabian"]
[Result "0-1"]
[ECO "C50"]
[WhiteElo "1000"]
[BlackElo "1017"]
[Annotator "NA COMBH"]
[PlyCount "24"]
[EventDate "2022.05.22"]
[EventCountry "SVK"]
[SourceTitle "playchess.com"]
[Source "ChessBase"]
[SourceQuality "1"]
[TimeControl "40/5400+30:1800+30"]

1. e4 e5 2. Nf3 Nc6 3. Bc4 h6 4. O-O Bc5 5. d3 d6 6. h3 Qf6 7. Ng5 hxg5 8. Qf3 Qxf3 9. gxf3 Bxh3 10. Re1 Nd4 11. Rd1 Nxf3+ 12. Kh1 Bf1# 0-1

[Event "Slovakian-ch Youth 2022"]
[Site "Lubovna"]
[Date "2022.05.25"]
[Round "6.36"]
[White "Kriska Alexander"]
[Black "Stavac Teodor"]
[Result "1-0"]
[ECO "D02"]
[WhiteElo "1046"]
[BlackElo "1000"]
[Annotator "NA COMBH"]
[PlyCount "28"]
[EventDate "2022.05.22"]
[EventCountry "SVK"]
[SourceTitle "playchess.com"]
[Source "ChessBase"]
[SourceQuality "1"]
[TimeControl "40/5400+30:1800+30"]

1. d4 d5 2. Bf4 Nc6 3. Nf3 Bg4 4. e3 e6 5. Be2 Bd6 6. Bg3 Nf6 7. Nbd2 O-O 8. c3 Re8 9. Bd3 e5 10. dxe5 Bxe5 11. Bxe5 Nxe5 12. Be2 Rc8 13. h3 Bxf3 14. Nxf3 c5 1-0

[Event "Slovakian-ch Youth 2022"]
[Site "Lubovna"]
[Date "2022.05.26"]
[Round "7.1"]
[White "Turcan, Richard"]
[Black "Zetocha, Adrian"]
[Result "1-0"]
[ECO "B76"]
[WhiteElo "2278"]
[BlackElo "2331"]
[Annotator "TA"]
[PlyCount "123"]
[EventDate "2022.05.22"]
[EventCountry "SVK"]
[SourceTitle "playchess.com"]
[Source "ChessBase"]
[SourceQuality "1"]
[TimeControl "40/5400+30:1800+30"]

1. e4 c5 2. Nf3 d6 3. d4 cxd4 4. Nxd4 Nf6 5. Nc3 g6 6. Be3 Bg7 7. f3 O-O 8. Qd2 Nc6 9. g4 Nxd4 10. Bxd4 Be6 11. Nd5 Bxd5 12. exd5 e6 {[%emt 0:15:15] B76: Sicilian Dragon: Yugoslav Attack, 9 g4 and 9 0-0-0.} 13. dxe6 fxe6 14. O-O-O Rc8 {[%emt 0:01:04] White is slightly better.} 15. h4 Nd5 16. Bxg7 Kxg7 17. h5 {[%emt 0:02:38] And now hxg6 would win.} g5 {[%emt 0:01:13] [#]} 18. Bb5 $146 (18. Kb1 $14) ({Predecessor:} 18. h6+ Kg8 19. Rh2 Qf6 20. Kb1 Rc6 21. c4 Nf4 22. Qd4 a6 23. Qxf6 Rxf6 24. b3 d5 25. Kb2 {½-½ (25) Mobarhani,N (1871)-Asgharzadeh,M (1986) Arak 2017}) 18... Rc5 $11 19. Ba4 Rxf3 20. h6+ $1 Kf7 21. Qg2 Rf4 22. Rhf1 {[%emt 0:02:25] aiming for Qe4.} Qf6 {[%emt 0:02:41] Hoping for ...Kg8.} 23. Kb1 $2 (23. Bb3 $15) 23... Qxh6 $2 (23... b5 $19 24. Rxf4 gxf4) 24. Bb3 $15 b5 (24... Kg7 $15 {was preferrable.}) 25. Bxd5 $11 Rxd5 26. Rxd5 exd5 {[%emt 0:00:09][%mdl 4096] Endgame KQR-KQR} 27. Re1 {[%emt 0:02:39] Inhibits Qe6.} Re4 28. Rxe4 dxe4 29. Qxe4 {[%emt 0:00:05] KQ-KQ} Kg7 30. Qe7+ Kg8 31. Qe8+ Kg7 {[%emt 0:00:10] ( -> ...Qh1+)} 32. Qd7+ Kg8 33. Qd8+ Kf7 34. Qc7+ Kg8 35. Qb8+ Qf8 36. Qxb5 Qe7 37. a4 Qe1+ 38. Ka2 Qe6+ ({Better is} 38... Qe7 $1 $14) 39. b3 $16 Qe7 (39... Qxg4 $16 {is a better defense.} 40. Qb8+ Kf7) 40. a5 $18 h6 $2 (40... Kg7 {was necessary.} 41. Qf5 h6) 41. a6 Qc7 42. Qd5+ Kf8 43. c4 {[%emt 0:00:00] Strongly threatening b4.} Ke7 $2 {[%emt 0:13:24] [#]} (43... Qc5 44. b4 Qf2+ 45. Ka3 Ke7) 44. b4 $1 Qc8 45. Qe4+ (45. Qb7+ $142 Kd8 46. Qxc8+ (46. Kb3 Qxb7 47. axb7 Kc7 $11) 46... Kxc8 47. b5) 45... Kd8 46. b5 {[%emt 0:00:00] Black must now prevent Qd4.} Qc5 {[%emt 0:00:26] Prevents Qd4.} 47. Kb3 Qg1 {[%emt 0:00:50] [#]} 48. Qa8+ $2 (48. Kc2 $1 $18 {is the precise move to win. Kd2 is the strong threat.} Qc5 49. Qd5 Qf2+ 50. Kb3) 48... Ke7 $16 49. Qe4+ (49. Qf3 $16) 49... Kd8 $18 50. Qd3 (50. Kc2 $18 {is more deadly.}) 50... Ke7 (50... Qc5 $16 {was called for.} 51. Ka4 Ke7) 51. Qc3 ({Weaker is} 51. Qh7+ Kd8 $14) (51. Kc2 $18 {and White stays clearly on top.}) 51... Kd8 52. Ka3 Qc5+ 53. Qb4 ({White should try} 53. Ka4 $16) 53... Qe3+ (53... Qd4 $1 $11) 54. Ka4 $16 Kc7 55. Qa5+ (55. Qb1 $16) 55... Kc8 $1 $11 56. b6 {[%emt 0:01:10] Threatening mate with b7+.} axb6 (56... Kb8 $11) 57. Qd5 $18 Qc5 58. Qxc5+ {[%emt 0:01:27][%mdl 64] Deflection} bxc5 59. Ka5 Kc7 60. Kb5 Kb8 61. Kb6 Ka8 62. a7 {[%emt 0:00:15] Weighted Error Value: White=0.52/Black=0.46} 1-0

[Event "Slovakian-ch Youth 2022"]
[Site "Lubovna"]
[Date "2022.05.26"]
[Round "7.1"]
[White "Elias, David"]
[Black "Oruzinsky, Juraj"]
[Result "1-0"]
[ECO "A28"]
[WhiteElo "1901"]
[BlackElo "1656"]
[Annotator "TA"]
[PlyCount "77"]
[EventDate "2022.05.22"]
[EventCountry "SVK"]
[SourceTitle "playchess.com"]
[Source "ChessBase"]
[SourceQuality "1"]
[TimeControl "40/5400+30:1800+30"]

1. c4 e5 2. Nc3 Nc6 3. Nf3 Nf6 4. e3 d5 5. cxd5 Nxd5 6. Bb5 Nxc3 7. bxc3 Bd6 8. d4 Bd7 {[%emt 0:01:21] is now more promising than 8...exd4.} 9. O-O e4 {[%emt 0:02:37] A28: English Opening: Four Knights Variation.} 10. Nd2 Qh4 {[%emt 0:06:52][%csl Gd6][%cal Rh4h2] [#]} 11. f4 {[%emt 0:21:04] [#]} f5 $146 {[%emt 0:03:36] White is slightly better.} ({Predecessor:} 11... Qe7 12. c4 b6 13. Qc2 f5 14. Bxc6 Bxc6 15. c5 bxc5 16. dxc5 Bxc5 17. Nb3 Bxe3+ 18. Bxe3 {1-0 (26) Navrotescu,A (2249)-Dornbusch,T (2249) Cesson Sevigne 2021}) 12. Nc4 O-O 13. Nxd6 cxd6 14. Qb3+ Kh8 15. Be2 Rab8 (15... b6 $14) 16. c4 Rf6 {[%emt 0:04:54] [#] aiming for ...Rh6.} 17. g3 Rg6 18. Rf2 b6 19. Kg2 (19. Bd2 $16) 19... Na5 $14 20. Qd1 Qe7 21. Ba3 Rf6 22. Qd2 (22. Bb4 $14) 22... Nb7 23. Rb1 Rff8 24. Rff1 Be6 25. Rfc1 Qd7 26. Qb2 Na5 27. Qb4 Rbc8 $2 {[%emt 0:04:30] This costs Black the game.} (27... Rfd8 $14) 28. d5 $18 ({Much less strong is} 28. Qxd6 Qxd6 29. Bxd6 Rfd8) 28... Bf7 29. Qxd6 Qxd6 30. Bxd6 Rfd8 31. Be5 h6 32. h3 Kh7 33. g4 g6 34. Kf2 Rc5 $2 (34... Nb7 35. Rg1 Rg8) 35. gxf5 {[%emt 0:01:22] White is clearly winning.} gxf5 36. Rg1 {[%emt 0:00:58] White threatens Rg7+ and mate.} Rg8 {[%emt 0:00:54] Prevents Rg7+.} 37. Rxg8 Kxg8 38. Rg1+ Kf8 39. Bd6+ {[%emt 0:00:05] Weighted Error Value: White=0.10 (very precise) /Black=0.37} 1-0

[Event "Slovakian-ch Youth 2022"]
[Site "Lubovna"]
[Date "2022.05.26"]
[Round "7.2"]
[White "Durana, Jonas"]
[Black "Vargosko, Juraj"]
[Result "1-0"]
[ECO "B01"]
[WhiteElo "1644"]
[BlackElo "1640"]
[Annotator "NA COMBH RC"]
[PlyCount "29"]
[EventDate "2022.05.22"]
[EventCountry "SVK"]
[SourceTitle "playchess.com"]
[Source "ChessBase"]
[SourceQuality "1"]
[TimeControl "40/5400+30:1800+30"]

1. e4 d5 2. exd5 Nf6 3. d4 Bg4 4. Nf3 Qxd5 5. Be2 e6 6. Be3 Nc6 7. Nbd2 O-O-O 8. a3 h6 9. c4 Qd7 10. b4 g5 11. b5 Ne7 12. Qa4 Bxf3 13. Bxf3 c6 14. Qxa7 g4 {[%emt 0:00:28] 7.52} 15. Qa8+ 1-0

[Event "Slovakian-ch Youth 2022"]
[Site "Lubovna"]
[Date "2022.05.26"]
[Round "7.2"]
[White "Mazak, Ryan"]
[Black "Sotnik, Simon"]
[Result "1-0"]
[ECO "B21"]
[WhiteElo "1575"]
[BlackElo "1038"]
[Annotator "NA RC COMBH"]
[PlyCount "73"]
[EventDate "2022.05.22"]
[EventCountry "SVK"]
[SourceTitle "playchess.com"]
[Source "ChessBase"]
[SourceQuality "1"]
[TimeControl "40/5400+30:1800+30"]

1. e4 c5 2. d4 cxd4 3. c3 g6 4. cxd4 Bg7 5. Nf3 d6 6. Nc3 Bg4 7. Be2 Bxf3 8. Bxf3 Nd7 9. O-O Rb8 10. Be3 b6 11. Rc1 Ngf6 12. Qb3 O-O 13. Rfd1 e5 14. Nb5 a6 15. Nxd6 exd4 16. Bxd4 Bh6 17. Be3 Bxe3 18. Qxe3 Ne5 19. Nf5 Nxf3+ 20. Qxf3 Qe8 21. Nd6 Qe6 22. h4 Rbd8 23. Qf4 Rd7 24. e5 Nh5 25. Qe3 b5 26. b3 f6 27. f4 fxe5 28. Qxe5 Qxe5 29. fxe5 Nf4 30. Rd2 a5 31. Re1 Ne6 32. Red1 Rf4 33. Nxb5 Rxd2 34. Rxd2 Rxh4 35. Rd6 Kf7 36. Ra6 Re4 37. Nd6+ 1-0

[Event "Slovakian-ch Youth 2022"]
[Site "Lubovna"]
[Date "2022.05.26"]
[Round "7.3"]
[White "Rucek, Kristian"]
[Black "Gyerpal, Adrian"]
[Result "1/2-1/2"]
[ECO "C10"]
[WhiteElo "2128"]
[BlackElo "2171"]
[Annotator "TA"]
[PlyCount "30"]
[EventDate "2022.05.22"]
[EventCountry "SVK"]
[SourceTitle "playchess.com"]
[Source "ChessBase"]
[SourceQuality "1"]
[TimeControl "40/5400+30:1800+30"]

1. d4 d5 2. c4 c6 3. Nc3 Nf6 4. Nf3 e6 5. Qd3 Nbd7 6. e4 dxe4 7. Nxe4 Nxe4 8. Qxe4 Nf6 9. Qd3 Be7 10. g3 O-O 11. Bg2 c5 12. O-O cxd4 13. Qxd4 Qxd4 {[%emt 0:03:44] C10: French with 3 Nc3: Unusual Black 3rd moves and 3...dxe4.} 14. Nxd4 a6 {[%emt 0:00:27] [#]} 15. Bd2 $146 {[%emt 0:13:10] White is more active.} ({Predecessor:} 15. b3 Rd8 16. Bb2 e5 17. Rfe1 Bc5 18. Nf3 Ng4 19. Re2 e4 20. Rxe4 Nxf2 21. Re2 {½-½ (35) Elizarova,T (1669)-Matchenya,I (1730) St Petersburg 2012}) 15... Nd7 1/2-1/2